AoeStats
← Groove8733

Arabia

510454410Analyzed
1v1 RM · 13h ago on Oct 1, 2026· 57m 56s· 2 players
Game mode
Random Map
Map size
Tiny (2 player)
Population
200
Speed
Normal
Resources
Standard
Victory
Conquest
Starting age
Dark Age
Ending age
Imperial Age
RankedLock teamsTeams togetherTeam positionsShared explorationLock speedFull tech treeHidden civsTurbo modeCheats
Victory
Defeat
🇦🇺 Bohemians · Australia
502
+27
🇳🇿 Franks · New Zealand
543
-33
Groove8733
10:06 Feudal Age
8:21 Loom
10:32 Double-Bit Axe
11:00 Horse Collar
12:54 Wheelbarrow
20:05 Castle Age
19:53 Fletching
21:15 Bow Saw
21:08 Heavy Plow
30:22 Hand Cart
34:30 Imperial Age
32:21 Light Cavalry
39:56 Chemistry
39:17 Ballistics
43:29 Cavalier
44:10 Husbandry
44:06 Guard Tower
46:01 Scale Barding Armor
45:57 Padded Archer Armor
46:09 Forging
49:35 Wagenburg Tactics
55:50 Keep
55:25 Hussite Reforms
Jack_Mihoff
3:01 Loom
12:11 Feudal Age
13:30 Double-Bit Axe
22:45 Castle Age
21:39 Scale Barding Armor
21:38 Scale Mail Armor
21:55 Gold Mining
21:56 Stone Mining
22:33 Man-at-Arms
23:16 Padded Archer Armor
25:36 Chain Barding Armor
26:17 Forging
28:52 Wheelbarrow
28:04 Town Watch
27:53 Pikeman
27:53 Long Swordsman
29:20 Bow Saw
30:23 Treadmill Crane
32:12 Hand Cart
32:08 Husbandry
32:28 Chain Mail Armor
32:03 Gambesons
32:18 Squires
37:47 Ordonnance Companies
38:55 Town Patrol
39:34 Iron Casting
38:50 Fletching
48:40 Imperial Age
52:47 Plate Barding Armor
52:43 Plate Mail Armor
53:14 Blast Furnace
52:09 Bodkin Arrow
52:30 Leather Archer Armor
54:26 Conscription
53:27 Elite Throwing Axeman
Connection lost

Rejoining the realm…

Still unreachable

The connection could not be restored.

Session expired

The server has moved on; the page needs a fresh start.